 Dungeon Crawl Stone Soup version 0.18-a0-1343-g48c8f86 (webtiles) character file.

6411 vonhedlund the Fighter (level 10, -2/94 HPs)
             Began as a Hill Orc Hunter on Feb 1, 2016.
             Was an Elder of Okawaru.
             Slain by a jelly (3 damage)
             ... on level 10 of the Dungeon on Feb 16, 2016.
             The game lasted 01:52:16 (11513 turns).

vonhedlund the Fighter (Hill Orc Hunter)           Turns: 11513, Time: 01:52:17

Health: -2/94      AC: -4    Str: 17    XL:     10   Next: 98%
Magic:  13/13      EV: 13    Int: 11    God:    Okawaru [****..]
Gold:   617        SH:  0    Dex: 13    Spells: 0 memorised, 9 levels left

rFire  . . .     SeeInvis +     a - +2 hand axe (venom)
rCold  + . .     Gourm    .     X - +0 scale mail {rC+}
rNeg   . . .     Faith    .     (no shield)
rPois  .         Spirit   .     W - +1 helmet {SInv}
rElec  .         Dismiss  .     B - +0 cloak
rCorr  .         Reflect  .     (no gloves)
SustAt .         Harm     .     (no boots)
MR     .....                    (no amulet)
Stlth  ..........               (no ring)
                                (no ring)

@: corroded equipment, not resistant to hostile enchantments, extremely
unstealthy
A: no striking features
a: Heroism, Renounce Religion


You were on level 10 of the Dungeon.
You worshipped Okawaru.
Okawaru was greatly pleased with you.
You were not hungry.

You visited 1 branch of the dungeon, and saw 10 of its levels.

You collected 617 gold pieces.

Inventory:

Hand Weapons
 a - a +2 hand axe of venom (weapon)
 b - a +1 hand crossbow
 H - the +10 trident "Zediogu" {freeze, Stlth+, unknown}
   (You took it off a crimson imp on level 5 of the Dungeon)

   It has been specially enchanted to freeze those struck by it, causing extra
   injury to most foes and up to half again as much damage against particularly
   susceptible opponents.
   It can also slow down cold-blooded creatures.
   It makes you more stealthy.
 O - a +0 shortbow
Missiles
 d - 51 bolts
 j - 5 curare-tipped needles
 s - 13 poisoned bolts
 u - 20 poisoned needles
 P - 179 arrows
 Y - 14 bolts of frost
Armour
 o - the +2 robe of Inaction {Str+4}
   (You found it on level 4 of the Dungeon)

   It affects your strength (+4).
 B - a +0 cloak (worn)
 W - a +1 helmet of see invisible (worn)
 X - a +0 scale mail of cold resistance (worn)
Jewellery
 e - an uncursed ring of see invisible {unknown}
 p - an uncursed amulet of the gourmand
 r - the ring "Neykunk" {+Fly rC+ Stlth+}
   (You took it off a gnoll sergeant on level 8 of the Dungeon)

   [ring of stealth]

   It protects you from cold.
   It lets you fly.
   It makes you more stealthy.
 v - an uncursed ring of stealth {unknown}
 F - an uncursed amulet of guardian spirit
 G - an uncursed ring of see invisible {unknown}
Wands
 K - a wand of confusion (22/48)
 R - a wand of confusion (39/48)
 T - a wand of iceblast (7/15)
 U - a wand of digging (14/24)
 Z - a wand of flame (21/48)
Scrolls
 g - 2 scrolls of identify
 h - 7 scrolls of teleportation
 i - a scroll of summoning
 k - 2 scrolls of recharging {unknown}
 n - 2 scrolls of enchant armour {unknown}
 w - 3 scrolls of remove curse
 x - a scroll of noise {unknown}
 y - a scroll of blinking {unknown}
 E - 4 scrolls of enchant weapon
 I - 2 scrolls of immolation {unknown}
 Q - a scroll of silence {unknown}
Potions
 c - 2 potions of cancellation {unknown}
 l - 2 potions of curing
 m - 4 potions of haste
 q - a potion of lignification {unknown}
 A - 3 potions of agility
 C - 2 potions of brilliance {unknown}
 J - a potion of berserk rage {unknown}
 L - a potion of flight {unknown}
 S - a potion of invisibility {unknown}
 V - 2 potions of magic {unknown}
Comestibles
 f - 8 bread rations
 t - 3 meat rations
 z - a beef jerky
 D - 5 chunks of flesh
 N - a royal jelly


   Skills:
 - Level 10.7 Fighting
 - Level 10.4 Axes
 - Level 3.9 Crossbows
 + Level 6.4 Armour
 - Level 7.1 Dodging
 - Level 0.7 Stealth
 - Level 5.1 Invocations


You had 9 spell levels left.
You didn't know any spells.

Dungeon Overview and Level Annotations

Branches:
Dungeon (10/15)            Temple (0/1) D:5            Lair (0/8) D:8
    Orc: D:9-12

Altars:
Elyvilon
Kikubaaqudgha
Makhleb
Okawaru
Xom
Zin

Shops:
D:4 }

Annotations:
D:3 Sigmund
D:10 exclusion: oklob plant


Message History

* * * LOW HITPOINT WARNING * * *
You are splashed with acid!
The acid burns!
* * * LOW HITPOINT WARNING * * *
Drink which item? (? for menu, Esc to quit)
You feel better. The ooze barely misses you. The jelly hits you.
* * * LOW HITPOINT WARNING * * *
You are splashed with acid!
The acid burns!
* * * LOW HITPOINT WARNING * * *
The jelly quivers.
The ooze quivers.
You hit the ooze.
You kill the ooze!
Okawaru accepts your kill.
You hit the jelly but do no damage.
Your hands burn!
* * * LOW HITPOINT WARNING * * *
The jelly is severely wounded.
You hit the jelly but do no damage. The acid corrodes you!
Your hands burn!
* * * LOW HITPOINT WARNING * * *
The jelly is severely wounded.
The jelly hits you.
You die...

##################J##
....................#####
...............J.........
#########..J....J........
# #...##########..# #
#...# $.# # #...# .# #
######...##########J.# .
.......J.....@†......
............J<.......
#######.##.......#...
#.##..###..# . #.#..##
#.# ...... ... .....# ...
###.... #### .....


You could see 2 jellies and an ooze.

Vanquished Creatures
  A centaur simulacrum (D:10)
  9 yaks
  Menkaure (D:6)
  2 orc warriors (D:8)
  A phantom (D:8)
  2 wasps
  2 necrophages
  2 black bears
  An ice beast (D:9)
  3 sky beasts (D:8)
  9 ogres
  5 centaurs
  A crocodile (D:8)
  7 giant frogs
  A big kobold (D:9)
  A gnoll sergeant (D:8)
  A water moccasin skeleton (D:4)
  A wyvern skeleton (D:6)
  3 scorpions
  5 crimson imps
  4 jellies
  A giant frog skeleton (D:4)
  12 orc wizards
  3 orc priests
  2 hounds
  3 iguanas
  A centaur skeleton (D:7)
  10 worker ants
  2 hound zombies
  3 worker ant zombies
  Robin (D:4)
  10 adders
  14 gnolls
  3 shadow imps
  A white imp (D:9)
  9 oozes
  A worm (D:2)
  5 giant geckos
  40 orcs
  3 bats
  6 giant cockroaches
  9 goblins
  5 hobgoblins
  9 jackals
  5 quokkas
  3 giant gecko skeletons
  2 giant newts
  A jackal skeleton (D:5)
  12 kobolds
  A quokka skeleton (D:4)
  2 quokka zombies (D:7)
  11 rats
252 creatures vanquished.

Vanquished Creatures (others)
  6 fungi (D:10)
6 creatures vanquished.

Grand Total: 258 creatures vanquished

Notes
Turn   | Place    | Note
--------------------------------------------------------------
     0 | D:1      | vonhedlund the Hill Orc Hunter began the quest for the Orb.
     0 | D:1      | Reached XP level 1. HP: 18/18 MP: 1/1
   286 | D:1      | Reached XP level 2. HP: 6/25 MP: 2/2
  1056 | D:2      | Reached XP level 3. HP: 23/33 MP: 3/3
  1386 | D:2      | Reached skill level 4 in Fighting
  1632 | D:3      | Reached XP level 4. HP: 39/41 MP: 4/4
  1989 | D:3      | Noticed Sigmund
  2026 | D:3      | Reached skill level 5 in Fighting
  2485 | D:4      | Found a glowing silver altar of Zin.
  2507 | D:4      | You fall through a shaft!
  2507 | D:5      | Entered Level 5 of the Dungeon
  2511 | D:5      | Found a staircase to the Ecumenical Temple.
  2551 | D:5      | Reached XP level 5. HP: 23/50 MP: 5/5
  2600 | D:5      | Reached skill level 6 in Fighting
  2606 | D:5      | Reached skill level 7 in Fighting
  2606 | D:5      | Reached XP level 6. HP: 24/60 MP: 6/6
  2910 | D:5      | Reached skill level 8 in Fighting
  2972 | D:5      | Reached XP level 7. HP: 38/69 MP: 7/7
  3153 | D:4      | Noticed Robin
  3158 | D:4      | Reached skill level 1 in Axes
  3161 | D:4      | Killed Robin
  3500 | D:4      | Got a silken robe
  3511 | D:4      | Identified the +2 robe of Inaction {Str+4} (You found it on level 4 of the Dungeon)
  3652 | D:4      | Found an iron altar of Okawaru.
  3672 | D:4      | Found Cucsamef's Gadget Emporium.
  3736 | D:4      | Became a worshipper of Warmaster Okawaru
  3922 | D:4      | Reached skill level 5 in Axes
  3931 | D:4      | Noticed a moth of wrath
  4244 | D:5      | Got a scorched trident {freeze}
  4368 | D:6      | Reached XP level 8. HP: 36/75 MP: 8/8
  4394 | D:6      | Noticed Menkaure
  4497 | D:5      | Found an ancient bone altar of Kikubaaqudgha.
  4501 | D:5      | Upgraded the game from 0.18-a0-1203-gbde16db to 0.18-a0-1285-g60d00e1
  4604 | D:5      | Reached * piety under Okawaru
  4688 | D:6      | Killed Menkaure
  5190 | D:6      | Upgraded the game from 0.18-a0-1285-g60d00e1 to 0.18-a0-1300-g6e8322c
  5196 | D:6      | Reached skill level 9 in Axes
  5701 | D:7      | Reached skill level 10 in Axes
  6065 | D:7      | Found a shimmering altar of Xom.
  6119 | D:7      | Reached skill level 1 in Armour
  6155 | D:6      | HP: 1/75 [wyvern skeleton (14)]
  6506 | D:7      | Reached ** piety under Okawaru
  6506 | D:7      | Reached XP level 9. HP: 68/82 MP: 9/9
  7824 | D:8      | Reached skill level 5 in Dodging
  7853 | D:8      | Found a staircase to the Lair.
  7953 | D:8      | Reached *** piety under Okawaru
  8271 | D:8      | Upgraded the game from 0.18-a0-1300-g6e8322c to 0.18-a0-1323-g706dcef
  8344 | D:8      | Got a wavering jade ring
  8389 | D:8      | Found a burning altar of Makhleb.
  8534 | D:7      | Reached XP level 10. HP: 36/89 MP: 10/10
  9275 | D:9      | Identified the ring "Neykunk" {+Fly rC+ Stlth+} (You took it off a gnoll sergeant on level 8 of the Dungeon)
  9819 | D:9      | Reached skill level 10 in Fighting
  9983 | D:8      | Found a white marble altar of Elyvilon.
 10101 | D:10     | Entered Level 10 of the Dungeon
 10239 | D:9      | Reached **** piety under Okawaru
 10532 | D:9      | Reached skill level 5 in Armour
 10792 | D:9      | Upgraded the game from 0.18-a0-1323-g706dcef to 0.18-a0-1343-g48c8f86
 10811 | D:9      | Received a gift from Okawaru
 10811 | D:9      | Reached skill level 1 in Invocations
 11176 | D:10     | Noticed an oklob plant
 11237 | D:9      | Reached skill level 5 in Invocations
 11513 | D:10     | HP: 1/94 [acid (5)]
 11513 | D:10     | Slain by a jelly

Vault maps used:
D:1:      onia_arrival_mini_spirals, minmay_misc_feat_more_columns
D:2:      kennysheep_generic_room_14
D:3:      uniq_sigmund
D:4:      tgw_trog, kennysheep_mini, zin_statuary, grunt_pakellas_basics,
          serial_shops, nicolae_shop_statue_plus, first_bread, uniq_robin
D:5:      tso_oasis_becter, lemuel_coloured_pillars_altar,
          minmay_temple_entry_purple_smoke, gup_sewer_entry_bubbles
D:6:      uniq_menkaure
D:7:      old_standard_altar
D:8:      lemuel_doored_altar, lair_0_dummy, basic_altar
D:10:     lemuel_slime, erik_orc_1, serial_ice, serial_ice_e, serial_ice_a,
          serial_ice_d, serial_ice_n

Action                   |  1- 3 |  4- 6 |  7- 9 | 10-12 || total
-------------------------+-------+-------+-------+-------++-------
Melee: Short sword       |   117 |    64 |       |       ||   181
       Hand axe          |       |       |   316 |   281 ||   597
 Fire: Hand crossbow     |    16 |    74 |    10 |       ||   100
       Hunting sling     |       |    43 |    51 |       ||    94
       Shortbow          |       |       |    67 |    16 ||    83
Throw: Stone             |    23 |    14 |    17 |       ||    54
Evoke: Wand              |       |       |     2 |       ||     2
  Use: Scroll            |       |     4 |     2 |     5 ||    11
       Potion            |       |       |     1 |     1 ||     2
 Stab: Sleeping          |       |       |     1 |       ||     1
       Distracted        |       |       |       |     1 ||     1
  Eat: Chunk             |     2 |     5 |    14 |     7 ||    28
       Beef jerky        |       |       |     1 |     2 ||     3
       Pizza             |       |       |     1 |       ||     1
